 Dungeon Crawl Stone Soup version 0.28.0-53-g5a82cb258f (webtiles) character file.

Game seed: 10567056218264013512

431 Icepheonix32 the Insei (level 6, 0/47 HPs)
             Began as a Draconian Transmuter on June 6, 2022.
             Was an Initiate of Sif Muna.
             Killed from afar by a fire crab (11 damage)
             ... with a blast of flame
             ... created by the adversity of Qazlal
             ... on level 4 of the Dungeon.
             The game lasted 00:07:27 (4742 turns).

Icepheonix32 the Insei (Draconian Transmuter)       Turns: 4742, Time: 00:07:27

Health: 0/47       AC:  7    Str: 12    XL:     6   Next: 67%
Magic:  9/9        EV: 16    Int: 15    God:    Sif Muna [......]
Gold:   169        SH:  0    Dex: 12    Spells: 3/9 levels left

rFire   . . .      SeeInvis .     - Unarmed
rCold   . . .      Faith    .   (no shield)
rNeg    . . .      Spirit   .   (armour unavailable)
rPois   .          Reflect  .   (helmet restricted)
rElec   .          Harm     .   (no cloak)
rCorr   +          Rampage  .   (no gloves)
Will    .....                   d - +0 pair of boots
Stlth   +.........              (no amulet)
HPRegen 0.15/turn               b - +4 ring of evasion
MPRegen 0.11/turn               i - ring of resist corrosion

@: no status effects
A: AC +6, unfitting armour, cold-blooded
a: Renounce Religion


You were on level 4 of the Dungeon.
You worshipped Sif Muna.
Sif Muna was noncommittal.
You visited 2 branches of the dungeon, and saw 6 of its levels.

You collected 169 gold pieces.

Inventory:

Hand Weapons
 k - a +1 hunting sling of flaming
 o - a +0 dagger of holy wrath
Missiles
 l - 55 stones
Armour
 d - a +0 pair of boots (worn)
 t - a +0 cloak
Jewellery
 b - a +4 ring of evasion (left hand)
 i - a ring of resist corrosion (right hand)
Wands
 g - a wand of flame (23)
Scrolls
 f - 3 scrolls of amnesia
 h - a scroll of identify
 n - a scroll of noise {unknown}
 p - a scroll of fear {unknown}
 r - a scroll of immolation {unknown}
 s - a scroll of magic mapping {unknown}
Potions
 a - a potion of heal wounds {unknown}
 c - a potion of curing
 e - a potion of degeneration {unknown}
 j - a potion of lignification {unknown}
 q - 2 potions of might {unknown}
 u - a potion of cancellation {unknown}


   Skills:
 + Level 1.5 Fighting
 - Level 1.7 Dodging
 + Level 5.6 Unarmed Combat
 - Level 2.0 Spellcasting
 * Level 5.2 Transmutations


You had 3 spell levels left.
You knew the following spells:

 Your Spells              Type           Power      Damage    Failure   Level
a - Beastly Appendage     Tmut           34%        N/A       2%          1
b - Wereblood             Tmut           17%        N/A       3%          2
c - Spider Form           Tmut/Pois      9%         N/A       22%         3

Your spell library contained the following spells:

 Spells                   Type           Power      Damage    Failure   Level
 Freeze                   Ice            4%         1d3       22%         1
 Summon Small Mammal      Summ           4%         N/A       22%         1
 Corpse Rot               Necr/Air       2%         N/A       32%         2
 Frozen Ramparts          Ice            2%         1d2       54%         3
 Ice Form                 Ice/Tmut       9%         N/A       58%         4
 Dispel Undead            Necr           1%         3d6       91%         4
 Hailstorm                Conj/Ice       1%         3d3       91%         4
 Death Channel            Necr           0%         N/A       100%        6


Dungeon Overview and Level Annotations

Branches:
Dungeon (5/15)             Temple (1/1) D:4

Altars:
Ashenzari
Cheibriados
Dithmenos
Elyvilon
Fedhas
Gozag
Hepliaklqana
Kikubaaqudgha
Makhleb
Nemelex Xobeh
Okawaru
Qazlal
Ru
Sif Muna
Trog
Uskayaw
Vehumet
Wu Jian
Xom
Yredelemnul
Zin
The Shining One

Shops:
D:1 (((


Innate Abilities, Weirdness & Mutations

Your plain brown scales are hard. (AC +6)
You cannot fit into any form of body armour.
You are cold-blooded and may be slowed by cold attacks.


Message History

The slug dart hits you. The dart slug launches a dart at you.
The slug dart hits you but does no damage.
The dart slug launches a dart at you. The slug dart misses you.
There is a stone staircase leading up here.
There is a stone staircase leading up here.
The dart slug launches a dart at you. The slug dart misses you.
You see here a dart slug corpse.
The white imp shouts!
The dart slug launches a dart at you. The slug dart misses you.
The white imp gestures at you. The puff of frost hits you.
You see here 9 gold pieces.
You now have 169 gold pieces (gained 9).
The dart slug launches a dart at you. The slug dart misses you.
You see here a dart slug corpse.
There is a stone staircase leading up here.
The orc shouts!
The orc throws a boomerang.
The boomerang barely misses you. The dart slug launches a dart at you.
The slug dart misses you.
You climb upwards.
There is a stone staircase leading down here.
Qazlal incites the elements against you!
A fire elemental and a fire crab come into view.
Unknown command.
As you read the scroll labelled HECOCL AJIE, it crumbles to dust.
The scroll dissolves into smoke.
It was a scroll of fog.
The fire crab breathes flames at you.
The blast of flame engulfs you but does no damage.
Unknown command.
You are engulfed in blazing flames.
* * * LOW HITPOINT WARNING * * *
The fire crab breathes flames at you. The blast of flame engulfs you!
You die...

...........## #..........##
...........# #...........#
#..........# ##...........#
##........## #..§§.§§§...##
###.......# ##..§§§§§§...##
# ##......# #...§§§t§§....#
# ###....# #....§§§§§....#
## #....####..○○○§§§§....#
.## ##....##...@E○○§§.....#
..## #....###..○○○.§§.....#
...## #....####...○○.......#
....# ##....# ##...........#
....# #....## ##.........##
...## #.....# ##......###
...#####.....## ##..###..##
..............#######......#
...####..........#........##


You could see a fire crab and a fire elemental.

Vanquished Creatures
  A necrophage (D:4)
  A phantom (D:4)
  A bullfrog (D:4)
  A scorpion (D:4)
  A water moccasin zombie (D:3)
  An adder (D:3)
  An ufetubus (D:4)
  An adder skeleton (D:4)
  8 dart slugs
  7 endoplasms
  A giant cockroach (D:1)
  9 goblins
  7 hobgoblins
  4 jackals (D:3)
  2 quokkas
  10 ball pythons
  6 bats
  3 frilled lizards
  4 kobolds
  6 rats
75 creatures vanquished.

Notes
Turn   | Place    | Note
-------+----------+-------------------------------------------
     0 | D:1      | Icepheonix32 the Draconian Transmuter began the quest for
                  | the Orb.
     0 | D:1      | Reached XP level 1. HP: 16/16 MP: 3/3
    74 | D:1      | Found Yfier's Weapon Boutique.
   403 | D:1      | Reached XP level 2. HP: 18/23 MP: 3/5
   469 | D:1      | Found a faded altar of an unknown god.
   478 | D:1      | Got Plato's Volume of the Entourage
   591 | D:1      | Found Niemuititi's Antique Weapon Shoppe.
   601 | D:1      | Found Jusac's Weapon Shop.
  1050 | D:2      | Reached XP level 3. HP: 28/28 MP: 4/6
  1380 | D:2      | Learned a level 2 spell: Wereblood
  1384 | D:2      | Learned a level 3 spell: Spider Form
  1649 | D:3      | Reached XP level 4. HP: 13/35 MP: 7/7
  3324 | D:4      | Noticed a necrophage
  3336 | D:4      | Killed a necrophage
  3337 | D:4      | Reached skill level 5 in Unarmed Combat
  3337 | D:4      | Reached XP level 5. HP: 39/40 MP: 6/8
  3392 | D:4      | Found a staircase to the Ecumenical Temple.
  3520 | Temple   | Entered the Ecumenical Temple
  3656 | Temple   | Became a worshipper of Qazlal Stormbringer
  3734 | D:4      | Noticed a phantom
  3742 | D:4      | Killed a phantom
  3743 | D:4      | Reached XP level 6. HP: 42/47 MP: 7/9
  4076 | D:4      | Reached skill level 5 in Transmutations
  4129 | D:4      | Found a shimmering blue altar of Sif Muna.
  4160 | D:4      | Found an opulent altar of Gozag.
  4228 | D:5      | Entered Level 5 of the Dungeon
  4280 | D:4      | Fell from the grace of Qazlal
  4280 | D:4      | Became a worshipper of Sif Muna the Loreminder
  4426 | D:5      | Noticed an ice beast
  4738 | D:4      | Noticed a fire elemental
  4738 | D:4      | Noticed a fire crab
  4742 | D:4      | Killed from afar by a fire crab

Illustrated notes

Levels and vault maps discovered:
D:1:      evilmike_arrival_grusome_pit, layout_basic, serial_shops,
          nicolae_shop_bloodbath_and_beyond, shop, shop,
          shapermc_ecumenical_altar_rom_forum, minmay_surrounded
D:2:      layout_rooms
D:3:      layout_loops_corners, fountainhead, hangedman_decor_push
D:4:      layout_cave_pods, mainiacjoe_overflow_two_lobes,
          minmay_temple_entry_hall
D:5:      kennysheep_slugbush, layout_cave_pools
Temple:   regret_index_temple_chain_breaker

Skill      XL: |  1  2  3  4  5  6 |
---------------+-------------------+-----
Unarmed Combat | 4 5 |  5.6
Transmutations | 3 4 5 |  5.2
Fighting       | |  1.5
Dodging        | |  1.7
Spellcasting   | |  2.0

Action                   |  1- 3 |  4- 6 || total
-------------------------+-------+-------++-------
Melee: Unarmed           |    81 |    82 ||   163
       Headbutt          |    12 |     9 ||    21
       Tailslap          |     8 |    10 ||    18
       Kick              |    11 |    25 ||    36
       Punch             |     1 |     2 ||     3
 Fire: Hunting sling     |       |    24 ||    24
 Cast: Beastly Appendage |    23 |    19 ||    42
       Spider Form       |       |     1 ||     1
  Use: Scroll            |     2 |     1 ||     3
Armor: Skin              |    10 |    30 ||    40
Dodge: Dodged            |    51 |   116 ||   167
